 Dungeon Crawl Stone Soup version 0.23-b1-84-g6588a6b (console) character file.

Game seed: 2459651624087864660

109 Lasty the Sneak (level 4, -1/24 HPs)
             Began as a Tengu Enchanter on Feb 9, 2019.
             Slain by Grinder (11 damage)
             ... on level 2 of the Dungeon.
             The game lasted 00:11:07 (3870 turns).

Lasty the Sneak (Tengu Enchanter)                   Turns: 3870, Time: 00:11:08

Health: -1/24      AC:  3    Str: 12    XL:     4   Next: 89%
Magic:  11/17      EV: 12    Int: 16    God:
Gold:   116        SH:  0    Dex: 14    Spells: 1/7 levels left

rFire    . . .     SeeInvis .   a - +1 dagger
rCold    . . .     Gourm    .   (no shield)
rNeg     . . .     Faith    .   w - +1 robe
rPois    .         Spirit   .   (helmet restricted)
rElec    .         Reflect  .   (no cloak)
rCorr    .         Harm     .   (no gloves)
MR       .....                  (boots unavailable)
Stlth    ++........             (no amulet)
HPRegen  0.08/turn              o - +3 ring of strength
MPRegen  0.15/turn              p - ring of magical power

@: very slightly contaminated
A: beak, talons 3
a: no special abilities


You were on level 2 of the Dungeon.
You were hungry.

You visited 1 branch of the dungeon, and saw 3 of its levels.

You collected 116 gold pieces.


Innate Abilities, Weirdness & Mutations

You have a beak for a mouth.
You have claws for feet.


   Skills:
 - Level 2.4 Short Blades
 - Level 2.1 Dodging
 - Level 3.0 Stealth
 - Level 2.0 Spellcasting
 - Level 3.0 Hexes
 + Level 2.4 Ice Magic


You had one spell level left.
You knew the following spells:

 Your Spells              Type           Power        Failure   Level  Hunger
a - Ensorcelled Hibernat  Hex/Ice        ##....       11%         2    ###....
q - Confuse               Hex            ##......     19%         3    ###....
s - Corona                Hex            ##.....      6%          1    #......

Your spell library contained the following spells:

 Spells                   Type           Power        Failure   Level  Hunger
 Tukima's Dance           Hex            ##......     19%         3    ###....
 Dazzling Spray           Conj/Hex       #.....       32%         3    ###....

Inventory:

Hand Weapons
 a - a +1 dagger (weapon)
 e - a +0 hunting sling
 l - a +0 trident
Missiles
 k - 57 stones (quivered)
Armour
 b - a +0 robe
 w - a +1 robe (worn)
Jewellery
 i - an uncursed amulet of faith {unknown}
 o - a +3 ring of strength (left hand)
 p - a ring of magical power (right hand)
Scrolls
 h - a scroll of blinking {unknown}
 j - a scroll of identify {unknown}
 r - a scroll of fog {unknown}
 u - a scroll of teleportation {unknown}
 v - 3 scrolls of immolation {unknown}
Potions
 c - a potion of degeneration {unknown}
 f - 2 potions of agility {unknown}
 g - a potion of flight {unknown}
 m - a potion of lignification {unknown}
 n - a potion of ambrosia {unknown}
 q - a potion of magic {!q}
 s - a potion of haste {unknown}
Comestibles
 d - a ration


Message History

a +0 mace; a +0 leather armour; a +0 short sword; a +0 dagger; an orc skeleton x2
There is a stone staircase leading up here.
You climb upwards.
There is a stone staircase leading down here.
You start resting.
Your magical contamination has completely faded away.
Magic restored.
You start resting.
HP restored.
You are feeling hungry.
You can't go down here!
(D) Dungeon
Where to? (Enter - D:2 @ (x,y), ? - help)
There is a stone staircase leading down here.
You climb downwards.
An adder comes into view.
Found a scroll labeled YDEZAOSHROTA and a robe.
There is a stone staircase leading up here.
The helpless adder fails to defend itself.
You puncture the adder!
You kill the adder!
Grinder comes into view.
Found 6 gold pieces.
You see here an adder corpse.
You butcher the adder corpse.
Grinder shouts!
You hear a shout! x4
Grinder gestures at you. You resist with significant effort.
Things that are here:
a chunk of flesh; an adder skeleton
Enter note: ugh
There is a stone staircase leading up here.
Aiming: Confuse (safe; 19% risk of failure)
Aim: Grinder (chance to defeat MR: 42%) Grinder resists with some effort.
An orc comes into view. It is wielding a +0 flail.
Grinder gestures at you. You resist with significant effort. Grinder hits you!
You writhe in agony.
* * * LOW HITPOINT WARNING * * *
You climb upwards.
There is a stone staircase leading down here.
You take 14 damage.
Unknown command.
Aiming: Confuse (safe; 19% risk of failure)
Aim: Grinder (chance to defeat MR: 42%)
You miscast Confuse.
You are very lightly contaminated with residual magic.
Your hands glow momentarily.
Grinder hits you!
You die...

#.# #..........#... #.#
#...##.....###.
#.###...##.......#.
#.......##>...)..#.
###############.##.......#.
#..........>.##.##.......#.
#............##.##.....###.
#.........5..##.##.....# #.
#....)....@.)##......#.###.
#............######........
#............# ####.#.###.
#............# #..........
#............####.##.#.....
#..................#.#..#..
#..................#.#..##.
#########..........#.#.....
#..........#.#.####


You could see Grinder.

Vanquished Creatures
  Jessica (D:2)
  4 adders
  A worm (D:2)
  A dart slug (D:2)
  A leopard gecko (D:2)
  4 orcs (D:3)
  2 giant cockroaches (D:1)
  5 goblins
  5 hobgoblins
  3 kobolds
  2 ball pythons (D:2)
  5 bats
  A frilled lizard (D:1)
  4 rats
39 creatures vanquished.

Notes
Turn   | Place    | Note
-------+----------+-------------------------------------------
     0 | D:1      | Lasty the Tengu Enchanter began the quest for the Orb.
     0 | D:1      | Reached XP level 1. HP: 10/10 MP: 4/4
   369 | D:1      | HP: 2/10 [hobgoblin (3)]
   944 | D:1      | Reached skill level 2 in Short Blades
  1239 | D:2      | Noticed Jessica
  1321 | D:2      | Reached XP level 2. HP: 15/15 MP: 6/6
  1327 | D:1      | Learned a level 2 spell: Ensorcelled Hibernation
  1574 | D:2      | HP: 4/15 [giant cockroach (1)]
  1587 | D:2      | HP: 4/15 [giant cockroach (1)]
  1598 | D:2      | HP: 3/15 [giant cockroach (1)]
  1603 | D:2      | HP: 3/15 [giant cockroach (1)]
  1920 | D:2      | Reached XP level 3. HP: 18/19 MP: 0/7
  2030 | D:2      | HP: 4/19 [goblin/+0 club (4)]
  2057 | D:2      | HP: 5/19 [goblin (1)]
  2061 | D:1      | HP: 2/19 [goblin (1)]
  2066 | D:1      | --:p
  2359 | D:2      | Reached skill level 1 in Ice Magic
  2601 | D:2      | HP: 5/19 [poisoned by an adder]
  3094 | D:2      | Found a shimmering altar of Xom.
  3094 | D:2      | Found a radiant altar of Vehumet.
  3182 | D:2      | Reached XP level 4. HP: 24/24 MP: 8/8
  3228 | D:2      | Learned a level 3 spell: Confuse
  3293 | D:2      | Killed Jessica
  3293 | D:2      | Reached skill level 2 in Ice Magic
  3663 | D:3      | Reached skill level 3 in Hexes
  3862 | D:3      | Noticed Grinder
  3864 | D:3      | --ugh
  3870 | D:2      | Slain by Grinder

Levels and vault maps discovered:

Action                   |  1- 3 |  4- 6 || total
-------------------------+-------+-------++-------
Melee: Dagger            |    48 |    18 ||    66
       Kick              |     8 |     2 ||    10
       Peck              |     1 |     2 ||     3
 Cast: Corona            |     7 |     4 ||    11
       Ensorcelled Hiber |    25 |    23 ||    48
       Confuse           |       |     1 ||     1
  Use: Potion            |     1 |       ||     1
 Stab: Sleeping          |    16 |     9 ||    25
  Eat: Chunk             |     6 |     3 ||     9
       Ration            |     1 |       ||     1
Armor: Robe              |    11 |     9 ||    20
Dodge: Dodged            |    31 |    22 ||    53

Skill      XL: |  1  2  3  4 |
---------------+-------------+-----
Short Blades   | 2 |  2.4
Ice Magic      | 1 2 |  2.4
Hexes          | 3 |  3.0
Dodging        | |  2.1
Stealth        | |  3.0
Spellcasting   | |  2.0
